Santa Cruz Tiger Sharks vs Long Beach Ice Dogs
Created - Monday, March 20, 2023 at 07:51
Goals
|
| Santa Cruz Tiger Sharks |
0 |
1 |
0 |
1 |
| Long Beach Ice Dogs |
1 |
2 |
3 |
6 |
|
Shots
|
| Santa Cruz Tiger Sharks |
10 |
9 |
11 |
30 |
| Long Beach Ice Dogs |
6 |
7 |
16 |
29 |
|
1st period
1. Long Beach Ice Dogs , Darren Helm 2 (Gabriel Vilardi 3) at 17:42 (PP)
Penalties :
Zach Sanford (SCS) for Tripping (Minor) at 2:08, Kevin Rooney (SCS) for Hooking (Minor) at 7:19, Hunter Drew (SCS) for Hooking (Minor) at 17:29, Jujhar Khaira (TRM) for Fighting (Major) at 18:36, Michael McLeod (SCS) for Fighting (Major) at 18:36, Brendan Gallagher (TRM) for High sticking (Minor) at 19:39
2nd period
2. Santa Cruz Tiger Sharks , Kieffer Bellows 1 (Kevin Rooney 4, Hunter Drew 1) at 16:06
3. Long Beach Ice Dogs , Mathieu Olivier 2 (Jujhar Khaira 2, Mark Pysyk 4) at 17:31
4. Long Beach Ice Dogs , Jujhar Khaira 1 (Mathieu Olivier 1) at 18:42
Penalties :
Riley Stillman (TRM) for Hooking (Minor) at 4:18, Michael McLeod (SCS) for Holding (Minor) at 19:16
3rd period
5. Long Beach Ice Dogs , Jansen Harkins 1 (Justin Schultz 4, Jujhar Khaira 3) at 2:36
6. Long Beach Ice Dogs , Justin Schultz 2 (Brendan Gallagher 4, Darren Helm 1) at 4:52
7. Long Beach Ice Dogs , Brendan Gallagher 2 (Gabriel Vilardi 4) at 4:59
Penalties :
Jansen Harkins (TRM) for Holding (Minor) at 12:58, Mark Pysyk (TRM) for Roughing (Minor) at 16:30
Goalie Stats
Carter Hart (SCS), 10 saves from 14 shots - (0.714), L, 3-1-1, 42:36 minutes
Mikhail Berdin (SCS), 13 saves from 15 shots - (0.867), 17:24 minutes
Spencer Martin (TRM), 29 saves from 30 shots - (0.967), W, 3-4-0, 60:00 minutes
Players Stats for Santa Cruz Tiger Sharks
Player Name G A P +/- PIM S H SB GA TA FO MP PP MP PK MP
------------------------------------------------------------------------------------
Alexander Volkov 0 0 0 0 0 4 2 1 1 0 0/0 12:55 0:00 1:08
Austin Strand 0 0 0 -2 0 2 3 2 0 2 0/0 27:28 4:54 3:59
Calle Rosen 0 0 0 -1 0 0 1 2 0 0 0/0 20:04 3:02 2:11
Carter Rowney 0 0 0 -2 0 1 2 0 0 1 0/0 6:50 0:00 0:00
David Gustafsson 0 0 0 -2 0 0 0 0 0 0 0/4 8:23 0:29 0:00
Evgeny Svechnikov 0 0 0 -2 0 0 0 0 0 1 0/0 6:50 0:00 0:00
Hunter Drew 0 1 1 -1 2 0 1 1 0 0 0/0 12:27 0:00 0:00
Jack Roslovic 0 0 0 -2 0 4 0 1 2 1 27/37 23:14 4:39 3:32
Jesper Boqvist 0 0 0 0 0 2 4 0 1 0 0/0 15:26 3:17 0:07
Kailer Yamamoto 0 0 0 -2 0 5 1 0 3 0 0/2 23:14 4:39 3:32
Kevin Rooney 0 1 1 0 2 0 1 2 1 0 4/8 11:39 0:10 0:00
Kieffer Bellows 1 0 1 0 0 4 1 0 0 0 0/0 11:18 0:00 0:00
Kristians Rubins 0 0 0 -1 0 0 0 0 0 0 0/0 12:28 0:00 0:00
Michael McLeod 0 0 0 0 7 2 3 1 0 0 5/5 15:45 2:38 1:30
Sean Day 0 0 0 -1 0 1 2 0 0 0 0/0 20:04 3:02 2:11
Tobias Bjornfot 0 0 0 -2 0 2 1 4 0 0 0/0 27:28 4:54 3:59
Travis Boyd 0 0 0 -2 0 3 3 0 0 0 1/3 22:01 4:39 2:00
Zach Sanford 0 0 0 0 2 0 3 0 0 0 0/0 16:11 3:17 0:31
Players Stats for Long Beach Ice Dogs
Player Name G A P +/- PIM S H SB GA TA FO MP PP MP PK MP
------------------------------------------------------------------------------------
Alex Galchenyuk 0 0 0 0 0 3 0 1 1 0 0/0 19:19 2:39 1:57
Brendan Gallagher 1 1 2 1 2 3 3 3 0 0 3/5 19:37 3:22 3:07
Darren Helm 1 1 2 1 0 1 1 1 0 1 1/2 18:26 3:15 2:09
Gabriel Vilardi 0 2 2 2 0 0 3 1 0 0 10/30 24:44 3:15 4:28
Janis Moser 0 0 0 0 0 0 0 2 0 1 0/0 20:53 2:11 3:25
Jansen Harkins 1 0 1 3 2 3 3 0 1 0 0/0 12:10 0:00 0:00
Jujhar Khaira 1 2 3 3 5 5 2 1 1 1 2/3 11:46 0:16 0:00
Justin Schultz 1 1 2 3 0 1 0 6 1 1 0/0 28:41 3:59 4:56
Logan Brown 0 0 0 0 0 1 0 0 0 0 1/3 8:13 0:00 2:28
Mark Pysyk 0 1 1 3 2 0 2 2 0 2 0/0 26:39 3:59 3:10
Mathieu Olivier 1 1 2 3 0 2 1 0 0 0 0/0 12:31 0:09 0:00
Olli Juolevi 0 0 0 1 0 1 0 0 0 0 0/0 13:10 0:00 2:02
Riley Stillman 0 0 0 0 2 1 0 1 0 0 0/0 19:55 2:11 2:19
Shane Bowers 0 0 0 -1 0 0 0 0 0 0 1/1 3:11 0:16 0:00
Trey Fix-Wolansky 0 0 0 0 0 0 0 0 1 0 1/1 5:45 0:00 0:00
Victor Rask 0 0 0 0 0 4 1 0 0 1 3/14 18:34 2:39 1:41
William Lagesson 0 0 0 1 0 0 0 0 0 0 0/0 11:06 0:00 0:00
Zack Kassian 0 0 0 0 0 4 1 0 0 1 0/0 17:19 2:39 0:02
3 Stars
1 - Justin Schultz (TRM)
2 - Mathieu Olivier (TRM)
3 - Jujhar Khaira (TRM)
Power Play
Santa Cruz Tiger Sharks - 0 on 4 Attempt(s) - 0.00%
Long Beach Ice Dogs - 1 on 4 Attempt(s) - 25.00%
Penalty Kill
Santa Cruz Tiger Sharks - 3 on 4 Attempt(s) - 75.00%
- Score 0 goal in Penalty Kill
Long Beach Ice Dogs - 4 on 4 Attempt(s) - 100.00%
- Score 0 goal in Penalty Kill
Team Stat
Santa Cruz Tiger Sharks - Hits : 28 - Faceoff Wins : 37 - Blocked Shots : 14 - Penalty Minutes : 13
Long Beach Ice Dogs - Hits : 17 - Faceoff Wins : 22 - Blocked Shots : 18 - Penalty Minutes : 13
Official
Referees : Dan O'Halloran and Kyle Rehman
Linesman : Unknown
Game Notes
Michael McLeod beats up Jujhar Khaira at 18:36 of 1st period
Mikhail Berdin enters game at 2:36 of 3rd period
Santa Cruz Tiger Sharks
5 vs 5 Forward
Center Left Wing Right Wing Time % Phy DF OF
1 Jack Roslovic Travis Boyd Kailer Yamamoto 40 1 2 2
2 Michael McLeod Zach Sanford Jesper Boqvist 30 1 2 2
3 Kevin Rooney Kieffer Bellows Alexander Volkov 20 1 2 2
4 David Gustafsson Evgeny Svechnikov Carter Rowney 10 1 2 2
5 vs 5 Defense
Defense Defense Time % Phy DF OF
1 Tobias Bjornfot Austin Strand 40 1 2 2
2 Calle Rosen Sean Day 30 1 2 2
3 Kristians Rubins Hunter Drew 20 1 2 2
4 Tobias Bjornfot Austin Strand 10 1 2 2
PowerPlay Forward
Center Left Wing Right Wing Time % Phy DF OF
1 Jack Roslovic Travis Boyd Kailer Yamamoto 60 1 2 2
2 Michael McLeod Zach Sanford Jesper Boqvist 40 1 2 2
PowerPlay Defense
Defense Defense Time % Phy DF OF
1 Tobias Bjornfot Austin Strand 60 1 2 2
2 Calle Rosen Sean Day 40 1 2 2
Penalty Kill 4 Players Forward
Center Wing Time % Phy DF OF
1 Jack Roslovic Kailer Yamamoto 60 1 2 2
2 Michael McLeod Travis Boyd 40 1 2 2
Penalty Kill 4 Players Defense
Defense Defense Time % Phy DF OF
1 Tobias Bjornfot Austin Strand 60 1 2 2
2 Calle Rosen Sean Day 40 1 2 2
Penalty Kill - 3 Players Forward
Forward Time % Phy DF OF
1 Jack Roslovic 60 1 2 2
2 Kailer Yamamoto 40 1 2 2
Penalty Kill - 3 Players Defense
Defense Defense Time % Phy DF OF
1 Tobias Bjornfot Austin Strand 60 1 2 2
2 Calle Rosen Sean Day 40 1 2 2
4 vs 4 Forward
Center Wing Time % Phy DF OF
1 Jack Roslovic Kailer Yamamoto 60 1 2 2
2 Michael McLeod Travis Boyd 40 1 2 2
4 vs 4 Defense
Defense Defense Time % Phy DF OF
1 Tobias Bjornfot Austin Strand 60 1 2 2
2 Calle Rosen Sean Day 40 1 2 2
Last Minutes Offensive
Center Left Wing Right Wing Defense Defense
Jack Roslovic Travis Boyd Kailer Yamamoto Tobias Bjornfot Austin Strand
Last Minutes Defensive
Center Left Wing Right Wing Defense Defense
Jack Roslovic Travis Boyd Kailer Yamamoto Tobias Bjornfot Austin Strand
Goaltenders
Starting : Carter Hart
Backup : Mikhail Berdin
Extra Forwards
Normal : David Gustafsson, Kevin Rooney, Alexander Volkov - PP : David Gustafsson, Kevin Rooney - PK : Alexander Volkov
Extra Defensemen
Normal : Kristians Rubins, Hunter Drew, Calle Rosen - PP : Kristians Rubins - PK : Hunter Drew, Calle Rosen
Penalty Shots
Jack Roslovic, Kailer Yamamoto, Michael McLeod, Travis Boyd, Zach Sanford
Long Beach Ice Dogs
5 vs 5 Forward
Center Left Wing Right Wing Time % Phy DF OF
1 Gabriel Vilardi Darren Helm Brendan Gallagher 40 1 2 2
2 Victor Rask Alex Galchenyuk Zack Kassian 30 1 2 2
3 Jujhar Khaira Jansen Harkins Mathieu Olivier 20 1 2 2
4 Logan Brown Gabriel Vilardi Trey Fix-Wolansky 10 1 2 2
5 vs 5 Defense
Defense Defense Time % Phy DF OF
1 Mark Pysyk Justin Schultz 40 1 2 2
2 Janis Moser Riley Stillman 30 1 2 2
3 William Lagesson Olli Juolevi 20 1 2 2
4 Mark Pysyk Justin Schultz 10 1 2 2
PowerPlay Forward
Center Left Wing Right Wing Time % Phy DF OF
1 Gabriel Vilardi Darren Helm Brendan Gallagher 60 1 2 2
2 Victor Rask Alex Galchenyuk Zack Kassian 40 1 2 2
PowerPlay Defense
Defense Defense Time % Phy DF OF
1 Mark Pysyk Justin Schultz 60 1 2 2
2 Janis Moser Riley Stillman 40 1 2 2
Penalty Kill 4 Players Forward
Center Wing Time % Phy DF OF
1 Gabriel Vilardi Brendan Gallagher 60 1 2 2
2 Darren Helm Victor Rask 40 1 2 2
Penalty Kill 4 Players Defense
Defense Defense Time % Phy DF OF
1 Mark Pysyk Justin Schultz 60 1 2 2
2 Janis Moser Riley Stillman 40 1 2 2
Penalty Kill - 3 Players Forward
Forward Time % Phy DF OF
1 Gabriel Vilardi 60 1 2 2
2 Brendan Gallagher 40 1 2 2
Penalty Kill - 3 Players Defense
Defense Defense Time % Phy DF OF
1 Mark Pysyk Justin Schultz 60 1 2 2
2 Janis Moser Riley Stillman 40 1 2 2
4 vs 4 Forward
Center Wing Time % Phy DF OF
1 Gabriel Vilardi Brendan Gallagher 60 1 2 2
2 Darren Helm Victor Rask 40 1 2 2
4 vs 4 Defense
Defense Defense Time % Phy DF OF
1 Mark Pysyk Justin Schultz 60 1 2 2
2 Janis Moser Riley Stillman 40 1 2 2
Last Minutes Offensive
Center Left Wing Right Wing Defense Defense
Gabriel Vilardi Darren Helm Brendan Gallagher Mark Pysyk Justin Schultz
Last Minutes Defensive
Center Left Wing Right Wing Defense Defense
Gabriel Vilardi Darren Helm Brendan Gallagher Mark Pysyk Justin Schultz
Goaltenders
Starting : Spencer Martin
Backup : Lukas Dostal
Extra Forwards
Normal : Shane Bowers, Jujhar Khaira, Logan Brown - PP : Shane Bowers, Jujhar Khaira - PK : Logan Brown
Extra Defensemen
Normal : William Lagesson, Olli Juolevi, Janis Moser - PP : William Lagesson - PK : Olli Juolevi, Janis Moser
Penalty Shots
Gabriel Vilardi, Brendan Gallagher, Darren Helm, Victor Rask, Alex Galchenyuk
% Time on Ice - Santa Cruz Tiger Sharks
Lines # - Real PCT - Wanted PCT - Time Play
Normal Forward
1 - 33% - 40% - 15:03
2 - 28% - 30% - 12:43
3 - 25% - 20% - 11:18
4 - 15% - 10% - 6:50
Normal Defense
1 - 37% - 40% - 17:06
2 - 32% - 30% - 14:51
3 - 27% - 20% - 12:28
4 - 3% - 10% - 1:29
PP Forward
1 - 59% - 60% - 4:39
2 - 41% - 40% - 3:17
PP Defense
1 - 62% - 60% - 4:54
2 - 38% - 40% - 3:02
PK Forward
1 - 68% - 60% - 4:10
2 - 32% - 40% - 2:00
PK Defense
1 - 65% - 60% - 3:59
2 - 35% - 40% - 2:11
PK3 Forward
1 - 0% - 60%
2 - 0% - 40%
PK3 Defense
1 - 0% - 60%
2 - 0% - 40%
44 Forward
1 - 0% - 60%
2 - 0% - 40%
44 Defense
1 - 0% - 60%
2 - 0% - 40%
Last Minute Offensive - 0:00
Last Minute Defensive - 0:00
Total
Forward - 60:00
Defense - 60:00
|
% Time on Ice - Long Beach Ice Dogs
Lines # - Real PCT - Wanted PCT - Time Play
Normal Forward
1 - 30% - 40% - 13:44
2 - 31% - 30% - 14:14
3 - 27% - 20% - 12:11
4 - 13% - 10% - 5:45
Normal Defense
1 - 39% - 40% - 17:51
2 - 35% - 30% - 15:58
3 - 24% - 20% - 11:06
4 - 2% - 10% - 0:59
PP Forward
1 - 57% - 60% - 3:31
2 - 43% - 40% - 2:39
PP Defense
1 - 65% - 60% - 3:59
2 - 35% - 40% - 2:11
PK Forward
1 - 79% - 60% - 6:15
2 - 21% - 40% - 1:41
PK Defense
1 - 57% - 60% - 4:31
2 - 43% - 40% - 3:25
PK3 Forward
1 - 0% - 60%
2 - 0% - 40%
PK3 Defense
1 - 0% - 60%
2 - 0% - 40%
44 Forward
1 - 0% - 60%
2 - 0% - 40%
44 Defense
1 - 0% - 60%
2 - 0% - 40%
Last Minute Offensive - 0:00
Last Minute Defensive - 0:00
Total
Forward - 60:00
Defense - 60:00
|
Play-by-Play
1st period
0:01 of 1st period - Darren Helm wins face-off versus Jack Roslovic in neutral zone.
0:04 of 1st period - Snap shot by Brendan Gallagher.
0:04 of 1st period - Stopped by Carter Hart with a rebound.
0:14 of 1st period - Snap shot by Kailer Yamamoto.
0:14 of 1st period - Shot Misses the Net.
0:38 of 1st period - Wrist shot by Zach Sanford.
0:38 of 1st period - Shot Blocked by Mark Pysyk.
0:40 of 1st period - Slapshot by Calle Rosen.
0:40 of 1st period - Shot Misses the Net.
0:54 of 1st period - Kevin Rooney is hit by Mathieu Olivier and loses puck.
1:27 of 1st period - Off-side.
1:28 of 1st period - Jack Roslovic wins face-off versus Logan Brown in neutral zone.
1:41 of 1st period - Wrist shot by Jack Roslovic.
1:41 of 1st period - Stopped by Spencer Martin with a rebound.
2:08 of 1st period - Minor Penalty to Zach Sanford for Tripping.
2:09 of 1st period - Jack Roslovic wins face-off versus Gabriel Vilardi in Santa Cruz Tiger Sharks zone.
2:19 of 1st period - Jack Roslovic is hit by Brendan Gallagher and loses puck.
2:58 of 1st period - Snap shot by Kailer Yamamoto.
2:58 of 1st period - Shot Blocked by Janis Moser.
3:04 of 1st period - Michael McLeod is hit by Gabriel Vilardi and loses puck.
4:03 of 1st period - Icing by Shane Bowers.
4:04 of 1st period - Jack Roslovic wins face-off versus Victor Rask in Long Beach Ice Dogs zone.
4:08 of 1st period - Penalty to Zach Sanford is over, Zach Sanford is back on ice.
4:45 of 1st period - Riley Stillman is hit by Kieffer Bellows.
5:07 of 1st period - William Lagesson is hit by Zach Sanford and loses puck.
5:12 of 1st period - Snap shot by Jesper Boqvist.
5:12 of 1st period - Shot Blocked by Brendan Gallagher.
5:54 of 1st period - David Gustafsson is hit by Mark Pysyk and loses puck.
6:03 of 1st period - Wrist shot by Logan Brown.
6:03 of 1st period - Stopped by Carter Hart without a rebound.
6:04 of 1st period - Victor Rask wins face-off versus Kailer Yamamoto in Santa Cruz Tiger Sharks zone.
6:19 of 1st period - Wrist shot by Jack Roslovic.
6:19 of 1st period - Shot Blocked by Alex Galchenyuk.
6:38 of 1st period - Jesper Boqvist is hit by Darren Helm and loses puck.
7:09 of 1st period - Snap shot by Zack Kassian.
7:09 of 1st period - Shot Blocked by Tobias Bjornfot.
7:11 of 1st period - Snap shot by Riley Stillman.
7:11 of 1st period - Shot Blocked by Tobias Bjornfot.
7:19 of 1st period - Minor Penalty to Kevin Rooney for Hooking.
7:20 of 1st period - Jack Roslovic wins face-off versus Gabriel Vilardi in Santa Cruz Tiger Sharks zone.
8:16 of 1st period - Alex Galchenyuk is hit by Michael McLeod and loses puck.
8:49 of 1st period - Austin Strand is hit by Mark Pysyk and loses puck.
9:18 of 1st period - Michael McLeod is hit by Jujhar Khaira.
9:19 of 1st period - Penalty to Kevin Rooney is over, Kevin Rooney is back on ice.
9:22 of 1st period - Snap shot by Jujhar Khaira.
9:22 of 1st period - Deflect By Mathieu Olivier.
9:22 of 1st period - Stopped by Carter Hart with a rebound.
9:24 of 1st period - Slapshot by Jujhar Khaira.
9:24 of 1st period - Stopped by Carter Hart with a rebound.
9:26 of 1st period - Wrist shot by Jujhar Khaira.
9:26 of 1st period - Shot Misses the Net.
9:36 of 1st period - William Lagesson is hit by Austin Strand and loses puck.
9:55 of 1st period - Slapshot by Carter Rowney.
9:55 of 1st period - Stopped by Spencer Martin without a rebound.
9:56 of 1st period - Jujhar Khaira wins face-off versus Kevin Rooney in Long Beach Ice Dogs zone.
10:13 of 1st period - Icing by Kailer Yamamoto.
10:14 of 1st period - Jack Roslovic wins face-off versus Victor Rask in Santa Cruz Tiger Sharks zone.
10:39 of 1st period - Travis Boyd is hit by Zack Kassian and loses puck.
11:18 of 1st period - Snap shot by Zack Kassian.
11:18 of 1st period - Shot Misses the Net.
11:20 of 1st period - Wrist shot by Riley Stillman.
11:20 of 1st period - Shot Misses the Net.
11:22 of 1st period - Slapshot by Janis Moser.
11:22 of 1st period - Shot Misses the Net.
11:35 of 1st period - Icing by Jack Roslovic.
11:36 of 1st period - Jack Roslovic wins face-off versus Gabriel Vilardi in Santa Cruz Tiger Sharks zone.
11:41 of 1st period - Snap shot by Travis Boyd.
11:41 of 1st period - Stopped by Spencer Martin with a rebound.
11:43 of 1st period - Wrist shot by Kailer Yamamoto.
11:43 of 1st period - Shot Misses the Net.
11:45 of 1st period - Slapshot by Calle Rosen.
11:45 of 1st period - Shot Blocked by Brendan Gallagher.
11:47 of 1st period - Wrist shot by Jack Roslovic.
11:47 of 1st period - Shot Blocked by Justin Schultz.
11:55 of 1st period - Snap shot by Kailer Yamamoto.
11:55 of 1st period - Shot Hit the Post.
11:57 of 1st period - Wrist shot by Jack Roslovic.
11:57 of 1st period - Stopped by Spencer Martin with a rebound.
11:59 of 1st period - Wrist shot by Jack Roslovic.
11:59 of 1st period - Shot Blocked by Brendan Gallagher.
12:01 of 1st period - Snap shot by Kailer Yamamoto.
12:01 of 1st period - Stopped by Spencer Martin with a rebound.
12:05 of 1st period - Snap shot by Kailer Yamamoto.
12:05 of 1st period - Shot Misses the Net.
12:23 of 1st period - Snap shot by Darren Helm.
12:23 of 1st period - Shot Blocked by Calle Rosen.
12:31 of 1st period - Slapshot by Jack Roslovic.
12:31 of 1st period - Shot Misses the Net.
12:33 of 1st period - Snap shot by Travis Boyd.
12:33 of 1st period - Shot Blocked by Justin Schultz.
12:35 of 1st period - Snap shot by Travis Boyd.
12:35 of 1st period - Shot Misses the Net.
12:37 of 1st period - Wrist shot by Travis Boyd.
12:37 of 1st period - Shot Misses the Net.
12:47 of 1st period - Snap shot by Kailer Yamamoto.
12:47 of 1st period - Stopped by Spencer Martin with a rebound.
12:49 of 1st period - Slapshot by Kailer Yamamoto.
12:49 of 1st period - Stopped by Spencer Martin without a rebound.
12:50 of 1st period - Michael McLeod wins face-off versus Jujhar Khaira in Long Beach Ice Dogs zone.
13:15 of 1st period - Janis Moser is hit by Alexander Volkov and loses puck.
13:36 of 1st period - Alex Galchenyuk is hit by Carter Rowney and loses puck.
14:28 of 1st period - Jansen Harkins is hit by Jesper Boqvist and loses puck.
14:53 of 1st period - Snap shot by Alexander Volkov.
14:53 of 1st period - Deflect By Kieffer Bellows.
14:53 of 1st period - Stopped by Spencer Martin without a rebound.
14:54 of 1st period - Kevin Rooney wins face-off versus Gabriel Vilardi in Long Beach Ice Dogs zone.
14:55 of 1st period - Wrist shot by Alexander Volkov.
14:55 of 1st period - Stopped by Spencer Martin without a rebound.
14:56 of 1st period - Kevin Rooney wins face-off versus Gabriel Vilardi in Long Beach Ice Dogs zone.
15:07 of 1st period - Wrist shot by Alexander Volkov.
15:07 of 1st period - Stopped by Spencer Martin without a rebound.
15:08 of 1st period - Michael McLeod wins face-off versus Victor Rask in Long Beach Ice Dogs zone.
15:33 of 1st period - Kieffer Bellows is hit by Brendan Gallagher and loses puck.
15:42 of 1st period - Snap shot by Darren Helm.
15:42 of 1st period - Deflect By Alexander Volkov.
15:42 of 1st period - Shot Misses the Net.
15:42 of 1st period - Puck is out of play.
15:43 of 1st period - Michael McLeod wins face-off versus Brendan Gallagher in Santa Cruz Tiger Sharks zone.
15:48 of 1st period - Gabriel Vilardi is hit by Michael McLeod and loses puck.
16:11 of 1st period - Snap shot by Victor Rask.
16:11 of 1st period - Stopped by Carter Hart with a rebound.
16:13 of 1st period - Wrist shot by Zack Kassian.
16:13 of 1st period - Deflect By Alex Galchenyuk.
16:13 of 1st period - Shot Misses the Net.
16:13 of 1st period - Puck is out of play.
16:14 of 1st period - Jack Roslovic wins face-off versus Victor Rask in Santa Cruz Tiger Sharks zone.
16:21 of 1st period - Wrist shot by Zack Kassian.
16:21 of 1st period - Shot Misses the Net.
16:23 of 1st period - Slapshot by Mark Pysyk.
16:23 of 1st period - Shot Blocked by Jack Roslovic.
16:25 of 1st period - Slapshot by Victor Rask.
16:25 of 1st period - Shot Misses the Net.
16:27 of 1st period - Backhand shot by Justin Schultz.
16:27 of 1st period - Shot Misses the Net.
16:29 of 1st period - Snap shot by Alex Galchenyuk.
16:29 of 1st period - Shot Misses the Net.
16:39 of 1st period - Brendan Gallagher is hit by Zach Sanford and loses puck.
17:03 of 1st period - Slapshot by Justin Schultz.
17:03 of 1st period - Shot Blocked by Austin Strand.
17:05 of 1st period - Slapshot by Mark Pysyk.
17:05 of 1st period - Shot Blocked by Kevin Rooney.
17:07 of 1st period - Slapshot by Logan Brown.
17:07 of 1st period - Shot Misses the Net.
17:09 of 1st period - Slapshot by Logan Brown.
17:09 of 1st period - Deflect By Gabriel Vilardi.
17:09 of 1st period - Shot Blocked by Tobias Bjornfot.
17:09 of 1st period - Puck is out of play.
17:10 of 1st period - Jack Roslovic wins face-off versus Logan Brown in Santa Cruz Tiger Sharks zone.
17:29 of 1st period - Minor Penalty to Hunter Drew for Hooking.
17:30 of 1st period - Jack Roslovic wins face-off versus Gabriel Vilardi in Santa Cruz Tiger Sharks zone.
17:38 of 1st period - Off-side.
17:39 of 1st period - Gabriel Vilardi wins face-off versus Jack Roslovic in neutral zone.
17:42 of 1st period - Slapshot by Darren Helm.
17:42 of 1st period - Goal by Darren Helm - Santa Cruz Tiger Sharks : 0 - Long Beach Ice Dogs : 1.
17:43 of 1st period - Jack Roslovic wins face-off versus Gabriel Vilardi in neutral zone.
18:08 of 1st period - Mark Pysyk is hit by Michael McLeod and loses puck.
18:36 of 1st period - Michael McLeod beats up Jujhar Khaira.
18:36 of 1st period - Penalty to Jujhar Khaira for Fighting.
18:36 of 1st period - Penalty to Michael McLeod for Fighting.
18:37 of 1st period - Brendan Gallagher wins face-off versus Jack Roslovic in Santa Cruz Tiger Sharks zone.
19:25 of 1st period - Alexander Volkov is hit by Jansen Harkins and loses puck.
19:39 of 1st period - Minor Penalty to Brendan Gallagher for High sticking.
19:40 of 1st period - Jack Roslovic wins face-off versus Gabriel Vilardi in Long Beach Ice Dogs zone.
Goals for this period are 0 for Santa Cruz Tiger Sharks vs 1 for Long Beach Ice Dogs.
Shots for this period are 10 for Santa Cruz Tiger Sharks vs 6 for Long Beach Ice Dogs.
2nd period
0:01 of 2nd period - Travis Boyd wins face-off versus Gabriel Vilardi in neutral zone.
0:08 of 2nd period - Wrist shot by Travis Boyd.
0:08 of 2nd period - Shot Misses the Net.
0:10 of 2nd period - Slapshot by Kailer Yamamoto.
0:10 of 2nd period - Stopped by Spencer Martin without a rebound.
0:11 of 2nd period - Jack Roslovic wins face-off versus Gabriel Vilardi in Long Beach Ice Dogs zone.
0:14 of 2nd period - Slapshot by Travis Boyd.
0:14 of 2nd period - Stopped by Spencer Martin without a rebound.
0:15 of 2nd period - Gabriel Vilardi wins face-off versus Travis Boyd in Long Beach Ice Dogs zone.
0:42 of 2nd period - Snap shot by Gabriel Vilardi.
0:42 of 2nd period - Shot Misses the Net.
1:36 of 2nd period - Justin Schultz is hit by Travis Boyd and loses puck.
1:39 of 2nd period - Penalty to Brendan Gallagher is over, Brendan Gallagher is back on ice.
1:46 of 2nd period - Off-side.
1:47 of 2nd period - Shane Bowers wins face-off versus Kevin Rooney in neutral zone.
1:50 of 2nd period - Snap shot by Mathieu Olivier.
1:50 of 2nd period - Shot Blocked by Alexander Volkov.
1:58 of 2nd period - Wrist shot by Jansen Harkins.
1:58 of 2nd period - Deflect By Mathieu Olivier.
1:58 of 2nd period - Shot Blocked by Hunter Drew.
1:58 of 2nd period - Puck is out of play.
1:59 of 2nd period - Jack Roslovic wins face-off versus Gabriel Vilardi in Santa Cruz Tiger Sharks zone.
2:24 of 2nd period - Justin Schultz is hit by Tobias Bjornfot and loses puck.
2:33 of 2nd period - Snap shot by Zach Sanford.
2:33 of 2nd period - Shot Misses the Net.
2:49 of 2nd period - Janis Moser is hit by Sean Day and loses puck.
3:08 of 2nd period - Off-side.
3:09 of 2nd period - Victor Rask wins face-off versus Jack Roslovic in neutral zone.
3:16 of 2nd period - Wrist shot by Kailer Yamamoto.
3:16 of 2nd period - Shot Misses the Net.
3:24 of 2nd period - Wrist shot by Travis Boyd.
3:24 of 2nd period - Stopped by Spencer Martin without a rebound.
3:25 of 2nd period - Brendan Gallagher wins face-off versus David Gustafsson in Long Beach Ice Dogs zone.
3:38 of 2nd period - Gabriel Vilardi is hit by Austin Strand and loses puck.
4:16 of 2nd period - Slapshot by Jack Roslovic.
4:16 of 2nd period - Shot Blocked by Janis Moser.
4:18 of 2nd period - Minor Penalty to Riley Stillman for Hooking.
4:19 of 2nd period - Jack Roslovic wins face-off versus Gabriel Vilardi in Long Beach Ice Dogs zone.
4:48 of 2nd period - Alex Galchenyuk is hit by Jesper Boqvist and loses puck.
5:29 of 2nd period - Justin Schultz is hit by Travis Boyd and loses puck.
6:18 of 2nd period - Penalty to Riley Stillman is over, Riley Stillman is back on ice.
6:24 of 2nd period - Snap shot by Zack Kassian.
6:24 of 2nd period - Stopped by Carter Hart with a rebound.
6:34 of 2nd period - Justin Schultz is hit by Kevin Rooney and loses puck.
7:13 of 2nd period - Backhand shot by Justin Schultz.
7:13 of 2nd period - Deflect By Gabriel Vilardi.
7:13 of 2nd period - Shot Misses the Net.
7:13 of 2nd period - Puck is out of play.
7:14 of 2nd period - Trey Fix-Wolansky wins face-off versus Kevin Rooney in Santa Cruz Tiger Sharks zone.
7:23 of 2nd period - Olli Juolevi is hit by Sean Day and loses puck.
7:38 of 2nd period - Snap shot by Victor Rask.
7:38 of 2nd period - Shot Misses the Net.
7:40 of 2nd period - Snap shot by Alex Galchenyuk.
7:40 of 2nd period - Stopped by Carter Hart with a rebound.
7:42 of 2nd period - Slapshot by William Lagesson.
7:42 of 2nd period - Shot Blocked by Michael McLeod.
8:52 of 2nd period - Snap shot by Alexander Volkov.
8:52 of 2nd period - Stopped by Spencer Martin with a rebound.
8:54 of 2nd period - Slapshot by Sean Day.
8:54 of 2nd period - Shot Blocked by Mark Pysyk.
9:32 of 2nd period - Slapshot by Alexander Volkov.
9:32 of 2nd period - Shot Blocked by Jujhar Khaira.
9:34 of 2nd period - Slapshot by Tobias Bjornfot.
9:34 of 2nd period - Shot Misses the Net.
9:36 of 2nd period - Snap shot by Kevin Rooney.
9:36 of 2nd period - Shot Misses the Net.
9:38 of 2nd period - Snap shot by Kieffer Bellows.
9:38 of 2nd period - Stopped by Spencer Martin without a rebound.
9:39 of 2nd period - Kevin Rooney wins face-off versus Victor Rask in Long Beach Ice Dogs zone.
9:40 of 2nd period - Slapshot by Alexander Volkov.
9:40 of 2nd period - Shot Misses the Net.
10:23 of 2nd period - Snap shot by Jansen Harkins.
10:23 of 2nd period - Shot Misses the Net.
10:55 of 2nd period - Wrist shot by Jack Roslovic.
10:55 of 2nd period - Shot Blocked by Gabriel Vilardi.
10:57 of 2nd period - Snap shot by Jack Roslovic.
10:57 of 2nd period - Shot Misses the Net.
10:59 of 2nd period - Wrist shot by Travis Boyd.
10:59 of 2nd period - Shot Misses the Net.
12:29 of 2nd period - Backhand shot by Alexander Volkov.
12:29 of 2nd period - Shot Misses the Net.
12:31 of 2nd period - Slapshot by Alexander Volkov.
12:31 of 2nd period - Stopped by Spencer Martin with a rebound.
12:33 of 2nd period - Slapshot by Kevin Rooney.
12:33 of 2nd period - Shot Misses the Net.
12:35 of 2nd period - Slapshot by Austin Strand.
12:35 of 2nd period - Stopped by Spencer Martin without a rebound.
12:36 of 2nd period - Jack Roslovic wins face-off versus Victor Rask in Long Beach Ice Dogs zone.
13:49 of 2nd period - Snap shot by Carter Rowney.
13:49 of 2nd period - Shot Misses the Net.
14:09 of 2nd period - Slapshot by Victor Rask.
14:09 of 2nd period - Shot Misses the Net.
14:27 of 2nd period - Wrist shot by Zach Sanford.
14:27 of 2nd period - Shot Misses the Net.
14:29 of 2nd period - Slapshot by Sean Day.
14:29 of 2nd period - Shot Misses the Net.
15:01 of 2nd period - Wrist shot by Alex Galchenyuk.
15:01 of 2nd period - Stopped by Carter Hart with a rebound.
15:09 of 2nd period - Snap shot by Carter Rowney.
15:09 of 2nd period - Shot Misses the Net.
15:49 of 2nd period - Hunter Drew is hit by Jansen Harkins and loses puck.
16:06 of 2nd period - Wrist shot by Kieffer Bellows.
16:06 of 2nd period - Goal by Kieffer Bellows - Santa Cruz Tiger Sharks : 1 - Long Beach Ice Dogs : 1.
16:07 of 2nd period - Jack Roslovic wins face-off versus Victor Rask in neutral zone.
16:10 of 2nd period - Snap shot by Kailer Yamamoto.
16:10 of 2nd period - Shot Blocked by Justin Schultz.
16:39 of 2nd period - Snap shot by Jesper Boqvist.
16:39 of 2nd period - Shot Misses the Net.
17:21 of 2nd period - Slapshot by Jansen Harkins.
17:21 of 2nd period - Shot Misses the Net.
17:29 of 2nd period - Wrist shot by Jujhar Khaira.
17:29 of 2nd period - Stopped by Carter Hart with a rebound.
17:31 of 2nd period - Snap shot by Mathieu Olivier.
17:31 of 2nd period - Goal by Mathieu Olivier - Santa Cruz Tiger Sharks : 1 - Long Beach Ice Dogs : 2.
17:32 of 2nd period - Gabriel Vilardi wins face-off versus Jack Roslovic in neutral zone.
17:44 of 2nd period - Off-side.
17:45 of 2nd period - Gabriel Vilardi wins face-off versus Jack Roslovic in neutral zone.
18:10 of 2nd period - Riley Stillman is hit by Jesper Boqvist.
18:42 of 2nd period - Snap shot by Jujhar Khaira.
18:42 of 2nd period - Goal by Jujhar Khaira - Santa Cruz Tiger Sharks : 1 - Long Beach Ice Dogs : 3.
18:43 of 2nd period - Jack Roslovic wins face-off versus Gabriel Vilardi in neutral zone.
18:58 of 2nd period - Snap shot by Jack Roslovic.
18:58 of 2nd period - Deflect By Kailer Yamamoto.
18:58 of 2nd period - Shot Blocked by Justin Schultz.
18:58 of 2nd period - Puck is out of play.
18:59 of 2nd period - Michael McLeod wins face-off versus Victor Rask in Long Beach Ice Dogs zone.
19:02 of 2nd period - Wrist shot by Jesper Boqvist.
19:02 of 2nd period - Stopped by Spencer Martin with a rebound.
19:16 of 2nd period - Minor Penalty to Michael McLeod for Holding.
19:17 of 2nd period - Jack Roslovic wins face-off versus Gabriel Vilardi in Santa Cruz Tiger Sharks zone.
19:33 of 2nd period - Snap shot by Brendan Gallagher.
19:33 of 2nd period - Shot Blocked by Austin Strand.
19:55 of 2nd period - Snap shot by Zack Kassian.
19:55 of 2nd period - Stopped by Carter Hart with a rebound.
Goals for this period are 1 for Santa Cruz Tiger Sharks vs 2 for Long Beach Ice Dogs.
Shots for this period are 9 for Santa Cruz Tiger Sharks vs 7 for Long Beach Ice Dogs.
3rd period
0:01 of 3rd period - Jack Roslovic wins face-off versus Gabriel Vilardi in neutral zone.
0:12 of 3rd period - Wrist shot by Jack Roslovic.
0:12 of 3rd period - Stopped by Spencer Martin with a rebound.
0:14 of 3rd period - Wrist shot by Kailer Yamamoto.
0:14 of 3rd period - Shot Blocked by Justin Schultz.
0:16 of 3rd period - Snap shot by Austin Strand.
0:16 of 3rd period - Stopped by Spencer Martin without a rebound.
0:17 of 3rd period - Jack Roslovic wins face-off versus Victor Rask in Long Beach Ice Dogs zone.
0:26 of 3rd period - Wrist shot by Zack Kassian.
0:26 of 3rd period - Shot Blocked by Tobias Bjornfot.
1:16 of 3rd period - Penalty to Michael McLeod is over, Michael McLeod is back on ice.
1:17 of 3rd period - Sean Day is hit by Gabriel Vilardi and loses puck.
1:47 of 3rd period - Off-side.
1:48 of 3rd period - Logan Brown wins face-off versus David Gustafsson in neutral zone.
2:17 of 3rd period - Slapshot by Tobias Bjornfot.
2:17 of 3rd period - Shot Misses the Net.
2:34 of 3rd period - Wrist shot by Jujhar Khaira.
2:34 of 3rd period - Shot Hit the Post.
2:36 of 3rd period - Slapshot by Justin Schultz.
2:36 of 3rd period - Deflect By Jansen Harkins.
2:36 of 3rd period - Goal by Jansen Harkins - Santa Cruz Tiger Sharks : 1 - Long Beach Ice Dogs : 4.
2:36 of 3rd period - Mikhail Berdin enters game.
2:37 of 3rd period - Jack Roslovic wins face-off versus Gabriel Vilardi in neutral zone.
3:28 of 3rd period - Slapshot by Jansen Harkins.
3:28 of 3rd period - Shot Misses the Net.
3:30 of 3rd period - Snap shot by Jujhar Khaira.
3:30 of 3rd period - Deflect By Mathieu Olivier.
3:30 of 3rd period - Shot Misses the Net.
3:30 of 3rd period - Puck is out of play.
3:31 of 3rd period - Kevin Rooney wins face-off versus Gabriel Vilardi in Santa Cruz Tiger Sharks zone.
3:58 of 3rd period - Zack Kassian is hit by Calle Rosen and loses puck.
4:42 of 3rd period - Icing by Hunter Drew.
4:43 of 3rd period - Gabriel Vilardi wins face-off versus David Gustafsson in Santa Cruz Tiger Sharks zone.
4:50 of 3rd period - Wrist shot by Brendan Gallagher.
4:50 of 3rd period - Stopped by Mikhail Berdin with a rebound.
4:52 of 3rd period - Slapshot by Justin Schultz.
4:52 of 3rd period - Deflect By Carter Rowney.
4:52 of 3rd period - Goal by Justin Schultz - Santa Cruz Tiger Sharks : 1 - Long Beach Ice Dogs : 5.
4:53 of 3rd period - Gabriel Vilardi wins face-off versus Travis Boyd in neutral zone.
4:55 of 3rd period - Off-side.
4:56 of 3rd period - Gabriel Vilardi wins face-off versus Jack Roslovic in neutral zone.
4:59 of 3rd period - Snap shot by Brendan Gallagher.
4:59 of 3rd period - Goal by Brendan Gallagher - Santa Cruz Tiger Sharks : 1 - Long Beach Ice Dogs : 6.
5:00 of 3rd period - Jack Roslovic wins face-off versus Gabriel Vilardi in neutral zone.
5:05 of 3rd period - Snap shot by Jack Roslovic.
5:05 of 3rd period - Shot Misses the Net.
5:15 of 3rd period - Snap shot by Brendan Gallagher.
5:15 of 3rd period - Shot Misses the Net.
5:30 of 3rd period - Slapshot by Michael McLeod.
5:30 of 3rd period - Shot Blocked by Riley Stillman.
5:32 of 3rd period - Slapshot by Tobias Bjornfot.
5:32 of 3rd period - Stopped by Spencer Martin with a rebound.
5:34 of 3rd period - Wrist shot by Zach Sanford.
5:34 of 3rd period - Shot Misses the Net.
5:48 of 3rd period - Snap shot by Evgeny Svechnikov.
5:48 of 3rd period - Shot Misses the Net.
6:04 of 3rd period - Slapshot by Zack Kassian.
6:04 of 3rd period - Stopped by Mikhail Berdin with a rebound.
6:06 of 3rd period - Slapshot by Janis Moser.
6:06 of 3rd period - Shot Misses the Net.
6:08 of 3rd period - Wrist shot by Riley Stillman.
6:08 of 3rd period - Stopped by Mikhail Berdin without a rebound.
6:09 of 3rd period - Jack Roslovic wins face-off versus Gabriel Vilardi in Santa Cruz Tiger Sharks zone.
6:14 of 3rd period - Snap shot by Hunter Drew.
6:14 of 3rd period - Shot Misses the Net.
6:34 of 3rd period - Kristians Rubins is hit by Jujhar Khaira and loses puck.
6:41 of 3rd period - Wrist shot by Jujhar Khaira.
6:41 of 3rd period - Shot Misses the Net.
6:43 of 3rd period - Snap shot by Jansen Harkins.
6:43 of 3rd period - Shot Misses the Net.
6:45 of 3rd period - Slapshot by Jansen Harkins.
6:45 of 3rd period - Stopped by Mikhail Berdin with a rebound.
6:47 of 3rd period - Snap shot by Jujhar Khaira.
6:47 of 3rd period - Stopped by Mikhail Berdin with a rebound.
7:03 of 3rd period - Gabriel Vilardi is hit by Hunter Drew and loses puck.
7:55 of 3rd period - Wrist shot by Kieffer Bellows.
7:55 of 3rd period - Stopped by Spencer Martin with a rebound.
8:11 of 3rd period - Wrist shot by Carter Rowney.
8:11 of 3rd period - Shot Misses the Net.
8:13 of 3rd period - Slapshot by Carter Rowney.
8:13 of 3rd period - Shot Misses the Net.
8:15 of 3rd period - Slapshot by Hunter Drew.
8:15 of 3rd period - Shot Blocked by Justin Schultz.
9:19 of 3rd period - Darren Helm is hit by Travis Boyd and loses puck.
10:04 of 3rd period - Slapshot by Zack Kassian.
10:04 of 3rd period - Stopped by Mikhail Berdin with a rebound.
10:06 of 3rd period - Snap shot by Victor Rask.
10:06 of 3rd period - Shot Misses the Net.
10:08 of 3rd period - Backhand shot by Janis Moser.
10:08 of 3rd period - Shot Misses the Net.
10:32 of 3rd period - Justin Schultz is hit by Jesper Boqvist and loses puck.
11:38 of 3rd period - Brendan Gallagher is hit by Carter Rowney.
11:42 of 3rd period - Sean Day is hit by Brendan Gallagher and loses puck.
11:56 of 3rd period - Icing by Riley Stillman.
11:57 of 3rd period - Michael McLeod wins face-off versus Victor Rask in Long Beach Ice Dogs zone.
11:58 of 3rd period - Slapshot by Zach Sanford.
11:58 of 3rd period - Shot Misses the Net.
12:12 of 3rd period - Alex Galchenyuk is hit by Zach Sanford.
12:58 of 3rd period - Minor Penalty to Jansen Harkins for Holding.
12:59 of 3rd period - Gabriel Vilardi wins face-off versus Kailer Yamamoto in Long Beach Ice Dogs zone.
13:08 of 3rd period - Riley Stillman is hit by Kailer Yamamoto and loses puck.
13:15 of 3rd period - Wrist shot by Travis Boyd.
13:15 of 3rd period - Shot Misses the Net.
14:58 of 3rd period - Penalty to Jansen Harkins is over, Jansen Harkins is back on ice.
15:11 of 3rd period - Icing by Jansen Harkins.
15:12 of 3rd period - Jujhar Khaira wins face-off versus Kevin Rooney in Long Beach Ice Dogs zone.
15:17 of 3rd period - Slapshot by Mathieu Olivier.
15:17 of 3rd period - Shot Misses the Net.
15:19 of 3rd period - Snap shot by Jujhar Khaira.
15:19 of 3rd period - Stopped by Mikhail Berdin with a rebound.
15:21 of 3rd period - Wrist shot by Jansen Harkins.
15:21 of 3rd period - Shot Misses the Net.
15:23 of 3rd period - Slapshot by Olli Juolevi.
15:23 of 3rd period - Stopped by Mikhail Berdin with a rebound.
15:25 of 3rd period - Snap shot by Jansen Harkins.
15:25 of 3rd period - Stopped by Mikhail Berdin with a rebound.
15:39 of 3rd period - Snap shot by Alex Galchenyuk.
15:39 of 3rd period - Shot Blocked by Kevin Rooney.
15:41 of 3rd period - Wrist shot by Victor Rask.
15:41 of 3rd period - Shot Misses the Net.
15:49 of 3rd period - Wrist shot by Victor Rask.
15:49 of 3rd period - Stopped by Mikhail Berdin with a rebound.
15:59 of 3rd period - Wrist shot by David Gustafsson.
15:59 of 3rd period - Deflect By Carter Rowney.
15:59 of 3rd period - Shot Blocked by Darren Helm.
15:59 of 3rd period - Puck is out of play.
16:00 of 3rd period - Gabriel Vilardi wins face-off versus David Gustafsson in Long Beach Ice Dogs zone.
16:11 of 3rd period - Snap shot by Brendan Gallagher.
16:11 of 3rd period - Deflect By Gabriel Vilardi.
16:11 of 3rd period - Shot Misses the Net.
16:11 of 3rd period - Puck is out of play.
16:12 of 3rd period - Jack Roslovic wins face-off versus Gabriel Vilardi in Santa Cruz Tiger Sharks zone.
16:17 of 3rd period - Backhand shot by Tobias Bjornfot.
16:17 of 3rd period - Shot Misses the Net.
16:19 of 3rd period - Snap shot by Kailer Yamamoto.
16:19 of 3rd period - Stopped by Spencer Martin with a rebound.
16:21 of 3rd period - Wrist shot by Kailer Yamamoto.
16:21 of 3rd period - Shot Misses the Net.
16:23 of 3rd period - Slapshot by Tobias Bjornfot.
16:23 of 3rd period - Stopped by Spencer Martin with a rebound.
16:25 of 3rd period - Slapshot by Tobias Bjornfot.
16:25 of 3rd period - Deflect By Jack Roslovic.
16:25 of 3rd period - Stopped by Spencer Martin with a rebound.
16:30 of 3rd period - Minor Penalty to Mark Pysyk for Roughing.
16:31 of 3rd period - Jack Roslovic wins face-off versus Brendan Gallagher in Long Beach Ice Dogs zone.
16:42 of 3rd period - Off-side.
16:43 of 3rd period - Brendan Gallagher wins face-off versus Jack Roslovic in neutral zone.
16:46 of 3rd period - Kailer Yamamoto is hit by Gabriel Vilardi and loses puck.
17:19 of 3rd period - Slapshot by Jesper Boqvist.
17:19 of 3rd period - Deflect By Zach Sanford.
17:19 of 3rd period - Shot Misses the Net.
17:19 of 3rd period - Puck is out of play.
17:20 of 3rd period - Gabriel Vilardi wins face-off versus Jack Roslovic in Long Beach Ice Dogs zone.
17:57 of 3rd period - Wrist shot by Michael McLeod.
17:57 of 3rd period - Stopped by Spencer Martin without a rebound.
17:58 of 3rd period - Jack Roslovic wins face-off versus Darren Helm in Long Beach Ice Dogs zone.
18:30 of 3rd period - Penalty to Mark Pysyk is over, Mark Pysyk is back on ice.
18:31 of 3rd period - Wrist shot by Jesper Boqvist.
18:31 of 3rd period - Stopped by Spencer Martin without a rebound.
18:32 of 3rd period - Victor Rask wins face-off versus Jack Roslovic in Long Beach Ice Dogs zone.
18:39 of 3rd period - Slapshot by Victor Rask.
18:39 of 3rd period - Stopped by Mikhail Berdin with a rebound.
18:41 of 3rd period - Snap shot by Victor Rask.
18:41 of 3rd period - Shot Blocked by Calle Rosen.
18:43 of 3rd period - Snap shot by Victor Rask.
18:43 of 3rd period - Stopped by Mikhail Berdin without a rebound.
18:44 of 3rd period - Jack Roslovic wins face-off versus Victor Rask in Santa Cruz Tiger Sharks zone.
19:09 of 3rd period - Gabriel Vilardi is hit by Austin Strand.
19:15 of 3rd period - Snap shot by Zach Sanford.
19:15 of 3rd period - Shot Misses the Net.
19:17 of 3rd period - Snap shot by Sean Day.
19:17 of 3rd period - Stopped by Spencer Martin with a rebound.
19:19 of 3rd period - Wrist shot by Michael McLeod.
19:19 of 3rd period - Stopped by Spencer Martin with a rebound.
19:21 of 3rd period - Slapshot by Michael McLeod.
19:21 of 3rd period - Shot Misses the Net.
19:33 of 3rd period - Jujhar Khaira is hit by Alexander Volkov.
19:37 of 3rd period - Calle Rosen is hit by Jansen Harkins and loses puck.
19:52 of 3rd period - Slapshot by Alex Galchenyuk.
19:52 of 3rd period - Stopped by Mikhail Berdin with a rebound.
19:58 of 3rd period - Kristians Rubins is hit by Victor Rask and loses puck.
Goals for this period are 0 for Santa Cruz Tiger Sharks vs 3 for Long Beach Ice Dogs.
Shots for this period are 11 for Santa Cruz Tiger Sharks vs 16 for Long Beach Ice Dogs.
Back to the Top